 Dungeon Crawl Stone Soup version 0.31.0-9-g3a7656b989 (webtiles) character file.

Game seed: 3078464003190492789

1003 qw the Skirmisher (level 8, -4/45 HPs)
             Began as a Deep Elf Hunter on Feb 2, 2024.
             Was a Follower of Okawaru.
             Splashed by a jelly's acid (10 damage)
             ... on level 5 of the Dungeon.
             The game lasted 00:00:18 (4056 turns).

qw the Skirmisher (Deep Elf Hunter)                 Turns: 4056, Time: 00:00:19

Health: -4/45      AC:  4    Str: 10    XL:     8   Next: 0%
Magic:  12/12      EV: 16    Int: 15    God:    Okawaru [*.....]
Gold:   204        SH:  0    Dex: 18    Spells: 7/7 levels left

rFire   . . .        a - +4 shortbow (chaos)
rCold   . . .        (shield currently unavailable)
rNeg    . . .        h - +1 ring mail
rPois   .            c - +0 helmet
rElec   .            (no cloak)
rCorr   .            f - +0 pair of gloves
SInv    .            (no boots)
Will    .....        (no amulet)
Stlth   +            b - +5 ring of evasion
HPRegen 0.27/turn    (no ring)
MPRegen 0.13/turn

%: no passive effects
@: corroded
A: no striking features
a: Renounce Religion, Heroism


You were on level 5 of the Dungeon.
You worshipped Okawaru.
Okawaru was aware of your devotion.
You visited 2 branches of the dungeon, and saw 6 of its levels.
You also visited: Sewer.

You collected 204 gold pieces.


   Skills:
 - Level 2.4 Fighting
 + Level 11.6 Ranged Weapons
 - Level 1.1 Armour
 - Level 3.6 Dodging
 - Level 1.2 Stealth
 + Level 2.8 Invocations


You had 7 spell levels left.
You didn't know any spells.
Your spell library was empty.

Inventory:

Hand Weapons
 a - a +4 shortbow of chaos (weapon)
Armour
 c - a +0 helmet (worn)
 f - a +0 pair of gloves (worn)
 h - a +1 ring mail (worn)
Jewellery
 b - a +5 ring of evasion (left hand)
Scrolls
 e - 2 scrolls of teleportation
Potions
 d - 2 potions of curing
 l - 4 potions of enlightenment

Dungeon Overview and Level Annotations

Branches:
Dungeon (5/15)             Temple (1/1) D:4           Sewer (visited)

Altars:
Ashenzari
Dithmenos
Elyvilon
Gozag
Hepliaklqana
Kikubaaqudgha
Makhleb
Okawaru
Ru
Sif Muna
Trog
Uskayaw
Vehumet
Wu Jian
Xom
Yredelemnul
Zin
The Shining One

Annotations:
D:3 exclusion: orc wizard


Message History

You shoot an arrow. The arrow closely misses the scorpion.
You kill the scorpion!
Okawaru accepts your kill.
You have reached level 8!
You feel clever.
You start resting.
A jelly is nearby!
You shoot an arrow. The arrow hits the jelly!
The jelly flies into a frenzy!
The jelly is heavily wounded.
A jelly is nearby!
The jelly hits you but does no damage.
A jelly is nearby!
The jelly closely misses you. The jelly hits you.
You are splashed with acid!
A jelly is nearby!
The jelly hits you but does no damage.
A jelly is nearby!
The jelly hits you but does no damage. The jelly misses you.
A jelly is nearby!
The jelly hits you.
You are splashed with acid!
A jelly is nearby!
The jelly misses you. The jelly hits you but does no damage.
A jelly is nearby!
The jelly misses you.
A jelly is nearby!
The jelly barely misses you. The jelly hits you but does no damage.
A jelly is nearby!
The jelly completely misses you.
A jelly is nearby!
The jelly hits you but does no damage. The jelly misses you.
A jelly is nearby!
The jelly barely misses you.
A jelly is nearby!
The jelly misses you. The jelly closely misses you.
A jelly is nearby!
The jelly hits you but does no damage.
A jelly is nearby!
The jelly hits you. The acid corrodes you!
You are splashed with acid!
The jelly hits you.
You are splashed with acid.
A jelly is nearby!
The jelly hits you.
You are splashed with acid!
You die...

~#..........
~#.<.......# .#
~##...###### .#
~##...# .# ~##...#
## #.## .##...#
#.###...# .##...#
#.#.#..###..
.###.## #..J......#
...#.# #.@..#
.#...#### #.##.#
.........#### #.#
.. #.###.......#
#.# #.#
#.....##.##.#
#.#####.# ..##..#
##.###.......#
####..#
...<......#####
#..# ###..#.##%#
####..#####..#.##.#


You could see a neutral jelly (fast, strong, frenzied).

Vanquished Creatures
  2 crocodiles (Sewer)
  An ogre (D:4)
  A black bear (D:5)
  3 scorpions
  2 hounds
  A jelly (D:4)
  An orc priest (D:5)
  2 iguanas
  An orc wizard (D:3)
  A sickly merfolk siren (Sewer)
  A malarious merfolk avatar (Sewer)
  3 gnolls (D:4)
  4 adders
  2 river rats (Sewer)
  A white imp (D:5)
  2 ufetubi (D:5)
  3 ribbon worms
  5 dart slugs
  15 orcs
  3 bats
  3 endoplasms (D:1)
  6 giant cockroaches
  7 goblins
  8 hobgoblins
  10 quokkas
  12 ball pythons
  10 frilled lizards
  5 kobolds
  27 rats
142 creatures vanquished.

Vanquished Creatures (others)
  An endoplasm (D:3)
  A kobold (D:3)
  A quokka zombie (D:4)
3 creatures vanquished.

Grand Total: 145 creatures vanquished

Notes
Turn   | Place    | Note
-------+----------+-------------------------------------------
     0 | D:1      | qw the Deep Elf Hunter began the quest for the Orb.
     0 | D:1      | Reached XP level 1. HP: 12/12 MP: 3/3
     0 | D:1      | 0 ||| qw: Version: 0.3-a-155-g5e7d8dd
     0 | D:1      | 0 ||| qw: Game counter: 1777
     0 | D:1      | 0 ||| qw: Melee chars always use a shield: true
     0 | D:1      | 0 ||| qw: God list: Okawaru
     0 | D:1      | 0 ||| qw: Allow faded altars: false
     0 | D:1      | 0 ||| qw: Do Orc after clearing Dungeon:15 true
     0 | D:1      | 0 ||| qw: Do second Lair branch before Depths: true
     0 | D:1      | 0 ||| qw: Lair rune preference: random
     0 | D:1      | 0 ||| qw: Goals: Normal
     0 | D:1      | 0 ||| PLANNING D:1-11
   162 | D:1      | Reached XP level 2. HP: 16/16 MP: 4/4
   170 | D:1      | Reached skill level 6 in Ranged Weapons
   569 | D:1      | Reached XP level 3. HP: 20/20 MP: 5/5
   612 | D:1      | 612 ||| UPGRADING to +0 ring mail.
   622 | D:1      | 622 ||| DROPPING +0 leather armour.
   623 | D:1      | 623 ||| READING 2 scrolls labelled NEFRIL YCA.
   623 | D:1      | 623 ||| ENCHANTING +0 shortbow.
   624 | D:1      | 624 ||| READING scroll of enchant weapon.
   624 | D:1      | 624 ||| ENCHANTING +1 shortbow.
   625 | D:1      | 625 ||| READING scroll labelled IMYETOMIPA.
   628 | D:1      | 628 ||| READING 2 scrolls labelled HIRYRU SUTAISM.
   628 | D:1      | 628 ||| IDENTIFYING green potion
   629 | D:1      | 629 ||| READING scroll of identify.
   629 | D:1      | 629 ||| IDENTIFYING puce potion
   630 | D:1      | 630 ||| READING scroll labelled SACIXY ECOCW.
   631 | D:1      | 631 ||| READING scroll labelled OMMUAMPAPHO.
   631 | D:1      | 631 ||| ENCHANTING +0 ring mail.
   632 | D:1      | 632 ||| READING scroll labelled EBRITW PENKI.
   633 | D:1      | 633 ||| READING scroll labelled DOUBLI RUHE.
   734 | D:1      | 734 ||| DROPPING scroll of butterflies.
   735 | D:1      | 735 ||| DROPPING potion of magic.
   910 | D:2      | 910 ||| READING scroll of enchant weapon.
   910 | D:2      | 910 ||| ENCHANTING +2 shortbow.
   956 | D:2      | Reached skill level 7 in Ranged Weapons
  1424 | D:2      | 1424 ||| UPGRADING to +0 helmet.
  1429 | D:2      | 1429 ||| READING scroll of identify.
  1429 | D:2      | 1429 ||| IDENTIFYING fizzy coppery potion
  1430 | D:2      | 1430 ||| READING scroll labelled DANWOSU PAERHU.
  1660 | D:3      | Reached XP level 4. HP: 25/25 MP: 6/6
  1698 | D:3      | Found a white marble altar of Elyvilon.
  1795 | D:3      | Reached skill level 8 in Ranged Weapons
  1897 | D:3      | 1897 ||| READING 2 scrolls labelled OLA VOW RIRGHO.
  1897 | D:3      | 1897 ||| BRANDING +3 shortbow.
  1899 | D:3      | 1899 ||| READING scroll of brand weapon.
  1899 | D:3      | 1899 ||| BRANDING +3 shortbow of flaming.
  1941 | D:3      | Found an opulent altar of Gozag.
  2019 | D:3      | Found a shimmering blue altar of Sif Muna.
  2034 | D:3      | 2034 ||| FLEEEEING.
  2038 | D:3      | Reached XP level 5. HP: 11/29 MP: 7/7
  2441 | D:4      | 2441 ||| READING scroll of enchant weapon.
  2441 | D:4      | 2441 ||| ENCHANTING +3 shortbow of chaos.
  2489 | D:4      | Found a burning altar of Makhleb.
  2492 | D:4      | Reached skill level 9 in Ranged Weapons
  2739 | D:4      | 2739 ||| DRINKING potion of haste.
  2741 | D:4      | Reached XP level 6. HP: 30/36 MP: 8/8
  2884 | D:4      | Found a staircase to the Ecumenical Temple.
  2885 | D:4      | 2885 ||| PLANNING TEMPLE
  2885 | D:4      | 2885 ||| UPGRADING to +0 pair of gloves.
  2890 | D:4      | 2890 ||| READING scroll of identify.
  2890 | D:4      | 2890 ||| IDENTIFYING bubbling ruby potion
  2898 | Temple   | Entered the Ecumenical Temple
  2899 | Temple   | 2899 ||| PLANNING OKAWARU WORSHIP
  2911 | Temple   | Became a worshipper of Warmaster Okawaru
  2912 | Temple   | 2912 ||| PLANNING D:1-11
  3141 | D:4      | Reached skill level 1 in Armour
  3241 | D:5      | Entered Level 5 of the Dungeon
  3242 | D:5      | 3242 ||| PLANNING SEWER
  3245 | D:5      | 3245 ||| STAIRDANCE
  3255 | D:4      | Reached skill level 10 in Ranged Weapons
  3345 | D:5      | Reached skill level 3 in Dodging
  3345 | D:5      | Reached XP level 7. HP: 29/40 MP: 9/9
  3442 | D:5      | HP: 8/40 [orc priest/divine providence (16)]
  3571 | D:5      | Found a glowing drain.
  3572 | D:5      | 3572 ||| UPGRADING to +5 ring of evasion.
  3581 | Sewer    | Entered a sewer
  3658 | Sewer    | Reached * piety under Okawaru
  3659 | Sewer    | Reached skill level 11 in Ranged Weapons
  3765 | Sewer    | Reached skill level 1 in Invocations
  3949 | D:5      | 3949 ||| PLANNING D:1-11
  4039 | D:5      | Reached XP level 8. HP: 45/45 MP: 10/12
  4055 | D:5      | HP: 9/45 [acid (6)]
  4056 | D:5      | Splashed by a jelly's acid

Levels and vault maps discovered:
D:1:      erik_arrival_cave_to_civilisation [erik_arrival_cave_to_hall],
          layout_rooms, minmay_pentomino_u4
D:2:      layout_loops_ring
D:3:      layout_basic, elyvilon_altar_4, led_sif_book, marbit_many_paths,
          serial_glass, glass_columns_a, glass_columns_b,
          minmay_strange_pillars, minmay_strange_pillars,
          ebering_dispersal_statue_hall, minmay_misc_feat_tower
D:4:      layout_loops_ring, makhleb_heckhound_becter,
          minmay_temple_entry_nine_rooms
D:5:      layout_loops_cross, portal_sewer_entry_f
Temple:   dpeg_chambers_temple

Skill      XL: |  1  2  3  4  5  6  7 |
---------------+----------------------+-----
Ranged Weapons | 6 7 8 9 10 11 | 11.6
Fighting       | 2 |  2.4
Armour         | 1 |  1.1
Dodging        | 3 |  3.6
Invocations    | 2 |  2.8
Stealth        | |  1.2

Action                     |  1- 3 |  4- 6 |  7- 9 || total
---------------------------+-------+-------+-------++-------
   Fire: Shortbow          |   101 |   127 |   115 ||   343
    Use: Scroll            |    12 |     4 |       ||    16
         Potion            |       |     1 |       ||     1
 Armour: Leather armour    |     8 |       |       ||     8
         Ring mail         |     4 |    34 |    53 ||    91
  Dodge: Dodged            |    15 |    37 |    51 ||   103

Table legend:
 A = Non-vault XP
 B = Vault XP
 C = Vault XP percentage of total XP
 D = Non-vault monster count
 E = Vault monster count
 F = Vault count percentage of total count
                 A         B        C        D         E       F
            +---------+---------+-------+---------+---------+-------
      Total |     950 |     484 |  33.8 |      89 |      52 |  36.9
            +---------+---------+-------+---------+---------+-------
        D:1 |      33 |      11 |  25.0 |      17 |       6 |  26.1
        D:2 |      47 |       0 |   0.0 |      17 |       0 |   0.0
        D:3 |      90 |      39 |  30.2 |      15 |       2 |  11.8
        D:4 |     381 |      42 |   9.9 |      27 |       1 |   3.6
        D:5 |     399 |       6 |   1.5 |      13 |       3 |  18.8
      Sewer |       0 |     386 | 100.0 |       0 |      40 | 100.0
            +---------+---------+-------+---------+---------+-------
